cohdb
Replays
Latest Replays
All Replays
Popular Replays
Top Player Replays
Match Explorer
How It Works
Community
CoH3 Stats
Reddit
Sign in to upload your games and track your stats! →
Sign in with Steam
Match 45562564
Unlisted
Match 45562564
Overview
Messages
Build Orders
End
Construct Infanterie Kompanie
Kettenkrad Recon Vehicle
Selects Terror Battlegroup
Selects Machine Gun Camouflage
MG 42 Machine Gun Team
MG 42 Machine Gun Team
MG 42 Machine Gun Team
Construct Luftwaffe Kompanie
Grenadier Squad
Grenadier Squad
Support Elements
Medical Bunker
Wirbelwind Flakpanzer
Infanterie Officer Quarters
Jäger Squad
Jäger Squad
Selects No Quarter
Construct Panzer Kompanie
Sturmpanzer IV Brummbär
Jäger Squad
Panzer IV Medium Tank
Panzer Officer Quarters
Pioneer Squad
Spriggan
BooralKing
ParazituRO
=B52F=|Mòzªmßiquë{General}
Bebop
Johnny
TAC
清贫入繁华
0
0
Comments
sign in to comment!
No comments posted yet!